 Dungeon Crawl Stone Soup version 0.30-b1-2-g02819fbbbe (webtiles) character file.

Game seed: 11417265092593360438

7 Alarkh the Vexing (level 1, 0/15 HPs)
             Began as a Demonspawn Hexslinger on July 8, 2023.
             Slain by a kobold
             ... wielding a +0 whip
              (3 damage)
             ... on level 1 of the Dungeon.
             The game lasted 00:00:14 (181 turns).

Alarkh the Vexing (Demonspawn Hexslinger)            Turns: 181, Time: 00:00:15

Health: 0/15       AC:  2    Str: 10    XL:     1   Next: 83%
Magic:  2/2        EV: 12    Int: 14    God:
Gold:   37         SH:  0    Dex: 13    Spells: 1/2 levels left

rFire   . . .        a - +1 sling (flame)
rCold   . . .        (no shield)
rNeg    . . .        c - +0 robe
rPois   .            (no helmet)
rElec   .            (no cloak)
rCorr   .            (no gloves)
SInv    .            (no boots)
Will    .....        (no amulet)
Stlth   +            (no ring)
HPRegen 0.22/turn    (no ring)
MPRegen 0.08/turn

%: no passive effects
@: no status effects
A: no striking features
a: no special abilities


You were on level 1 of the Dungeon.
You visited 1 branch of the dungeon, and saw 1 of its levels.

You collected 37 gold pieces.

Inventory:

Hand Weapons
 a - a +1 sling of flaming (weapon)
Armour
 c - a +0 robe (worn)
Scrolls
 b - a scroll of poison


   Skills:
 - Level 1.0 Fighting
 + Level 2.4 Ranged Weapons
 - Level 1.7 Dodging
 - Level 1.0 Spellcasting
 - Level 3.0 Hexes


You had one spell level left.
You knew the following spells:

 Your Spells              Type           Power      Damage    Failure   Level
a - Slow                  Hex            36%        N/A       8%          1

Your spell library contained the following spells:

 Spells                   Type           Power      Damage    Failure   Level
 Inner Flame              Hex/Fire       4%         N/A       38%         3
 Portal Projectile        Hex/Tloc       8%         N/A       38%         3
 Cause Fear               Hex            4%         N/A       58%         4


Dungeon Overview and Level Annotations

Branches:
Dungeon (1/15)

Altars:


Message History

The sling bullet closely misses the kobold.
The sling bullet hits the endoplasm.
You kill the endoplasm!
The kobold hits you with a +0 whip.
You shoot a sling bullet. The sling bullet hits the kobold.
The kobold is moderately wounded.
The kobold hits you but does no damage. The kobold closely misses you.
You shoot a sling bullet.
The sling bullet closely misses the kobold.
The sling bullet hits the giant cockroach but does no damage.
The kobold hits you with a +0 whip.
A rat comes into view.
You shoot a sling bullet.
The sling bullet closely misses the kobold.
The sling bullet closely misses the giant cockroach.
The sling bullet closely misses the goblin.
The kobold closely misses you.
You shoot a sling bullet.
The sling bullet hits the kobold but does no damage.
The kobold is moderately wounded.
The kobold hits you with a +0 whip. x2
* * * LOW HITPOINT WARNING * * *
You are too injured to fight recklessly!
You aren't carrying any potions.
As you read the scroll labelled HEGEZE ROFOMM, it crumbles to dust.
It is a scroll of brand weapon.
Your +1 sling is engulfed in flames!
a - a +1 sling of flaming (weapon)
The kobold barely misses you.
You shoot a sling bullet.
The sling bullet hits the kobold but does no damage.
The kobold is moderately wounded.
The kobold barely misses you.
You shoot a sling bullet.
The sling bullet closely misses the kobold.
The sling bullet hits the giant cockroach.
The sling bullet burns the giant cockroach.
The giant cockroach is almost dead.
The kobold hits you with a +0 whip.
You die...

## . .# ####. ... #
#.# ). ########## #@#
.. .........# #K# g.
.........# #B# #B#
.........# #g##..##
.........####r..J..##
......................
.######...........####
#...........#
#...........#


You could see a giant cockroach, a goblin, a kobold and a rat.

Vanquished Creatures
  A ball python (D:1)
  2 endoplasms (D:1)
  A kobold (D:1)
  A frilled lizard (D:1)
  A rat (D:1)
6 creatures vanquished.

Notes
Turn   | Place    | Note
-------+----------+-------------------------------------------
     0 | D:1      | Alarkh the Demonspawn Hexslinger began the quest for the
                  | Orb.
     0 | D:1      | Reached XP level 1. HP: 15/15 MP: 2/2
   181 | D:1      | Slain by a kobold

Illustrated notes

Levels and vault maps discovered:
D:1:      tarquinn_simple_flora_water_e, layout_basic, minmay_box_of_dots

Skill      XL: |  1 |
---------------+----+-----
Ranged Weapons | 2 |  2.4
Fighting       | |  1.0
Dodging        | |  1.7
Spellcasting   | |  1.0
Hexes          | |  3.0

Action                     || total
---------------------------++-------
   Fire: Sling             ||    19
    Use: Scroll            ||     1
 Armour: Robe              ||     1
  Dodge: Dodged            ||     7
